 Dungeon Crawl Stone Soup version 0.28.0-1-gb440e238dd (webtiles) character file.

Game seed: 7803185702909207307

95 dolemite99 the Chopper (level 4, 0/35 HPs)
             Began as a Demonspawn Berserker on Feb 19, 2022.
             Was a Follower of Trog.
             Slain by a gnoll (2 damage)
             ... on level 3 of the Dungeon.
             The game lasted 00:02:04 (2534 turns).

dolemite99 the Chopper (Demonspawn Berserker)       Turns: 2534, Time: 00:02:05

Health: 0/35       AC:  8    Str: 19    XL:     4   Next: 40%
Magic:  4/4        EV:  8    Int:  9    God:    Trog [*.....]
Gold:   100        SH:  0    Dex: 16    Spells: 3/3 levels left

rFire   . . .      SeeInvis .   a - +0 hand axe
rCold   . . .      Faith    .   (no shield)
rNeg    . . .      Spirit   .   d - +0 chain mail
rPois   .          Reflect  .   (no helmet)
rElec   .          Harm     .   (no cloak)
rCorr   .          Rampage  .   (no gloves)
Will    .....                   (no boots)
Stlth   ..........              (no amulet)
HPRegen 0.11/turn               (no ring)
MPRegen 0.09/turn               (no ring)

@: on berserk cooldown, slowed, very slow
A: thin skeletal structure 2
a: Renounce Religion, Berserk


You were on level 3 of the Dungeon.
You worshipped Trog.
Trog was aware of your devotion.
You visited 1 branch of the dungeon, and saw 3 of its levels.

You collected 100 gold pieces.

Inventory:

Hand Weapons
 a - a +0 hand axe (weapon)
Missiles
 e - 78 stones (quivered)
 k - 24 arrows
Armour
 b - a +0 animal skin
 d - a +0 chain mail (worn)
Wands
 j - a wand of paralysis (12)
Scrolls
 c - a scroll of summoning {unknown}
 f - 4 scrolls of identify {unknown}
 g - 2 scrolls of teleportation {unknown}
 h - a scroll of enchant weapon {unknown}
 i - a scroll of fog {unknown}


   Skills:
 - Level 3.0 Fighting
 + Level 4.8 Axes
 - Level 1.7 Armour
 - Level 1.7 Dodging


You had 3 spell levels left.
You didn't know any spells.
Your spell library was empty.

Dungeon Overview and Level Annotations

Branches:
Dungeon (3/15)

Altars:


Innate Abilities, Weirdness & Mutations

You have a moderately thin skeletal structure. (Dex +4, Stealth++)


Message History

You hit the gnoll.
The gnoll is heavily wounded.
The gnoll hits you with a +0 spear.
* * * LOW HITPOINT WARNING * * *
The gnoll closely misses you.
You hit the gnoll but do no damage.
The gnoll is heavily wounded.
You feel the effects of Trog's Hand fading.
The gnoll hits you with a +0 spear.
* * * LOW HITPOINT WARNING * * *
The gnoll closely misses you.
You hit the gnoll but do no damage.
The gnoll is heavily wounded.
The gnoll barely misses you.
You barely miss the gnoll.
The gnoll is heavily wounded.
The gnoll hits you with a +0 spear.
* * * LOW HITPOINT WARNING * * *
The gnoll hits you but does no damage.
You barely miss the gnoll.
The gnoll is heavily wounded.
The gnoll hits you with a +0 spear.
* * * LOW HITPOINT WARNING * * *
You hit the gnoll. Your punch misses the gnoll.
The gnoll is almost dead.
Your skin stops crawling.
You feel less strong-willed. The gnoll barely misses you.
The gnoll hits you with a +0 spear.
* * * LOW HITPOINT WARNING * * *
You barely miss the gnoll.
The gnoll is almost dead.
The gnoll hits you but does no damage.
You hit the gnoll.
The gnoll is almost dead.
The gnoll hits you with a +0 spear.
* * * LOW HITPOINT WARNING * * *
The gnoll barely misses you.
You barely miss the gnoll.
The gnoll is almost dead.
The gnoll hits you with a +0 spear.
You die...

######...###.##. #...#
#.... # #...# ##### #.
#...# #. #...#
#.########...#
####..).....#...#####
.#.....).###.#.†.....#
.......@(†......)....#
.#.#...g.....#......(...
#......##.###.....###
##................#
.........#########
##.....$#.# #..........
#....#.####


You could see a gnoll.

Vanquished Creatures
  2 gnolls (D:3)
  3 adders
  2 ball pythons
  5 endoplasms
  A giant cockroach (D:1)
  5 goblins
  6 hobgoblins
  4 jackals
  4 quokkas
  3 frilled lizards (D:1)
  7 kobolds
  5 rats
47 creatures vanquished.

Notes
Turn   | Place    | Note
-------+----------+-------------------------------------------
     0 | D:1      | dolemite99 the Demonspawn Berserker began the quest for the
                  | Orb.
     0 | D:1      | Reached XP level 1. HP: 18/18 MP: 1/1
   341 | D:1      | Reached skill level 3 in Axes
   487 | D:1      | Gained mutation: You have a somewhat thin skeletal
                  | structure. (Dex +2, Stealth+) [demonic ancestry]
   487 | D:1      | Reached XP level 2. HP: 15/24 MP: 2/2
  1195 | D:2      | Reached XP level 3. HP: 29/29 MP: 3/3
  1319 | D:2      | Reached skill level 4 in Axes
  2512 | D:3      | Gained mutation: You have a moderately thin skeletal
                  | structure. (Dex +4, Stealth++) [demonic ancestry]
  2512 | D:3      | Reached XP level 4. HP: 22/35 MP: 4/4
  2512 | D:3      | Reached ** piety under Trog
  2520 | D:3      | HP: 1/35 [gnoll (7)]
  2534 | D:3      | Slain by a gnoll

Illustrated notes

Levels and vault maps discovered:
D:1:      psy_arrival_terrarium, layout_basic, minmay_misc_feat_doors
D:2:      layout_loops_ring
D:3:      layout_loops_cross

Skill      XL: |  1  2  3 |
---------------+----------+-----
Axes           | 3 4 |  4.8
Fighting       | |  3.0
Armour         | |  1.7
Dodging        | |  1.7

Action                   |  1- 3 |  4- 6 || total
-------------------------+-------+-------++-------
Melee: Hand axe          |   131 |    19 ||   150
       Punch             |     1 |       ||     1
Throw: Stone             |    22 |       ||    22
Invok: Berserk           |     6 |       ||     6
       Trog's Hand       |       |     1 ||     1
Armor: Chain mail        |    79 |     7 ||    86
       Animal skin       |     1 |       ||     1
Dodge: Dodged            |    68 |    12 ||    80
